AoeStats
← monga0410

Arena

509665880Analyzed
2v2 RM · 5d ago on Sep 27, 2026· 57m 0s· 4 players
Game mode
Random Map
Map size
Medium (4 player)
Population
200
Speed
Normal
Resources
Standard
Victory
Conquest
Starting age
Dark Age
Ending age
Imperial Age
RankedLock teamsTeams togetherTeam positionsShared explorationLock speedFull tech treeHidden civsTurbo modeCheats
Victory
Defeat
🇹🇼 Portuguese · Taiwan
1052
+18
🇹🇼 Turks · Taiwan
1050
+18
🇪🇪 Poles · Estonia
1100
-19
🇹🇷 Franks · Türkiye
1072
-17
buraktan86
1:16 Loom
10:31 Feudal Age
18:42 Castle Age
18:11 Stone Mining
Myrakaru
0:27 Loom
10:07 Feudal Age
10:30 Horse Collar
18:31 Castle Age
16:35 Double-Bit Axe
18:38 Scale Barding Armor
19:25 Heavy Plow
20:25 Chain Barding Armor
20:47 Bloodlines
21:28 Forging
22:13 Szlachta Privileges
23:11 Gold Mining
25:05 Iron Casting
24:38 Husbandry
32:58 Imperial Age
31:02 Bow Saw
31:52 Wheelbarrow
31:46 Pikeman
32:26 Squires
32:53 Scale Mail Armor
34:45 Blast Furnace
34:18 Crop Rotation
33:35 Cavalier
38:10 Hand Cart
39:15 Fletching
40:37 Conscription
40:44 Bodkin Arrow
42:53 Chain Mail Armor
42:38 Bracer
43:03 Ballistics
44:37 Elite Obuch
50:33 Murder Holes
monga0410
10:56 Feudal Age
11:02 Loom
14:48 Castle Age
13:33 Double-Bit Axe
14:17 Horse Collar
18:34 Bow Saw
24:11 Wheelbarrow
25:03 Heavy Plow
26:13 Hand Cart
27:45 Gold Mining
32:32 Imperial Age
29:51 Town Watch
29:51 Loom
30:11 Stone Mining
31:39 Bloodlines
31:30 Husbandry
31:38 Scale Barding Armor
31:43 Forging
33:27 Town Patrol
32:50 Cavalier
34:07 Iron Casting
33:53 Chain Barding Armor
34:44 Chemistry
33:49 Siege Engineers
33:55 Caravan
35:12 Two-Man Saw
35:41 Blast Furnace
36:33 Light Cavalry
39:48 Conscription
40:38 Stone Shaft Mining
39:37 Elite Organ Gun
41:57 Arquebus
45:15 Plate Barding Armor
55:33 Ballistics
55:41 Circumnavigation
57:11 Fletching
57:21 Padded Archer Armor
57:08 Gambesons
anguszheng11
10:40 Feudal Age
10:15 Loom
15:16 Castle Age
13:54 Double-Bit Axe
20:00 Bow Saw
22:41 Horse Collar
26:19 Ballistics
28:37 Imperial Age
27:51 Wheelbarrow
27:29 Padded Archer Armor
31:38 Two-Man Saw
30:56 Forging
32:21 Scale Barding Armor
33:03 Town Watch
33:10 Gold Mining
34:04 Artillery
38:06 Murder Holes
39:48 Iron Casting
41:44 Gold Shaft Mining
45:58 Caravan
54:48 Stone Mining
56:44 Hand Cart
56:32 Heavy Plow
Connection lost

Rejoining the realm…

Still unreachable

The connection could not be restored.

Session expired

The server has moved on; the page needs a fresh start.